 Dungeon Crawl Stone Soup version 0.25.1-8-g42b30a86e7 (webtiles) character file.

Game seed: 13959482278240179568

49 DildoBatman the Magician (level 4, -5/30 HPs)
             Began as a Formicid Wizard on Dec 19, 2020.
             Slain by a kobold
             ... wielding a +0 short sword
              (6 damage)
             ... on level 2 of the Dungeon.
             The game lasted 00:03:28 (1963 turns).

DildoBatman the Magician (Formicid Wizard)          Turns: 1963, Time: 00:03:29

Health: -5/30      AC:  5    Str: 12    XL:     4   Next: 2%
Magic:  0/8        EV: 12    Int: 18    God:
Gold:   43         SH:  0    Dex:  9    Spells: 8/9 levels left

rFire    . . .     SeeInvis +   a - +0 dagger (drain)
rCold    . . .     Gourm    .   (no shield)
rNeg     . . .     Faith    .   e - +0 robe
rPois    .         Spirit   +   (helmet unavailable)
rElec    .         Reflect  .   t - +0 cloak
rCorr    .         Harm     .   (no gloves)
MR       .....                  y - +1 pair of boots
Stlth    ++........             m - amulet of guardian spirit
HPRegen  0.10/turn              (no ring)
MPRegen  0.11/turn              (no ring)

@: no status effects
A: permanent stasis, dig shafts and tunnels, four strong arms, antennae 3
a: Dig, Shaft Self


You were on level 2 of the Dungeon.
You were very hungry.

You visited 1 branch of the dungeon, and saw 2 of its levels.

You collected 43 gold pieces.

Inventory:

Hand Weapons
 a - a +0 dagger of draining (weapon)
Missiles
 g - 52 stones
 h - 47 arrows
 j - 61 sling bullets
 r - 11 poisoned darts (quivered)
 u - 5 javelins
Armour
 e - a +0 robe (worn)
 t - a +0 cloak (worn)
 y - a +1 pair of boots (worn)
Jewellery
 m - an amulet of guardian spirit (around neck)
Scrolls
 b - 2 scrolls of magic mapping {unknown}
 c - 2 scrolls of identify {unknown}
 o - a scroll of immolation {unknown}
 p - a scroll of remove curse {unknown}
 q - 3 scrolls of amnesia {unknown}
 w - a scroll of noise {unknown}
 x - a scroll of enchant weapon {unknown}
 z - a scroll of fog {unknown}
Potions
 d - 2 potions of mutation {unknown}
 f - a potion of curing {unknown}
 i - 2 potions of degeneration {unknown}
 l - a potion of ambrosia {unknown}
 n - 2 potions of heal wounds {unknown}
 s - a potion of lignification {unknown}
Comestibles
 v - 6 rations


   Skills:
 - Level 1.7 Dodging
 - Level 2.4 Stealth
 - Level 3.2 Spellcasting
 * Level 3.2 Conjurations
   Level 1.0 Summonings
   Level 0.8 Translocations


You had 8 spell levels left.
You knew the following spells:

 Your Spells              Type           Power        Failure   Level  Hunger
c - Magic Dart            Conj           ##..         4%          1    None

Your spell library contained the following spells:

 Spells                   Type           Power        Failure   Level  Hunger
 Call Imp                 Summ           #.......     16%         2    ##.....
 Slow                     Hex            #.......     24%         2    ##.....
 Conjure Flame            Conj/Fire      #.......     24%         3    ###....
 Mephitic Cloud           Conj/Pois/Air  #.......     30%         3    ###....
 Blink                    Tloc           Unusable     N/A         2    N/A

Dungeon Overview and Level Annotations

Branches:
Dungeon (2/15)

Altars:
Hepliaklqana
Uskayaw


Innate Abilities, Weirdness & Mutations

You cannot be hasted, slowed, berserked, paralysed or teleported.
You can dig through walls and to a lower floor.
Your four strong arms can wield two-handed weapons with a shield.
You have a pair of large antennae on your head. (SInv)


Message History

t - Shout!
Orders for allies: a - Attack new target. r - Retreat! s - Stop attacking. g - Guard the area. f - Follow me.
Anything else - Cancel.
You shout for attention!
The kobold barely misses you. The rat bites you but does no damage.
The kobold barely misses you. The goblin closely misses you.
The dart slug closely misses you. What are your orders? t - Shout!
Orders for allies: a - Attack new target. r - Retreat! s - Stop attacking. g - Guard the area. f - Follow me.
Anything else - Cancel.
You shout for attention!
The kobold hits you with a +0 short sword!
You die...

#.# ... #.# .... #.#
....######### #.#
...........#######'###
#....(.(..##........#
#......>..##........#
?##....r....##........#
.'....g@K...†'........#
.###...wK#####........#
#.....# #........#
#.......# #........#
#.......# ##########
#.......# #.......# #
#.......# ## ###.


You could see a dart slug, a goblin, 2 kobolds and a rat.

Vanquished Creatures
  An adder (D:2)
  2 worms (D:2)
  A dart slug (D:2)
  6 giant cockroaches
  3 goblins
  3 hobgoblins
  4 kobolds (D:1)
  A ball python (D:1)
  2 bats (D:1)
  5 frilled lizards
  5 rats
33 creatures vanquished.

Notes
Turn   | Place    | Note
-------+----------+-------------------------------------------
     0 | D:1      | DildoBatman the Formicid Wizard began the quest for the
                  | Orb.
     0 | D:1      | Reached XP level 1. HP: 13/13 MP: 4/4
    90 | D:1      | Reached skill level 1 in Conjurations
   348 | D:1      | Reached XP level 2. HP: 19/19 MP: 4/6
  1068 | D:1      | Reached XP level 3. HP: 24/24 MP: 0/7
  1174 | D:2      | Found a hide-covered altar of Uskayaw.
  1518 | D:2      | Found a faded altar of an unknown god.
  1751 | D:2      | Found a hazy altar of Hepliaklqana.
  1917 | D:2      | Reached XP level 4. HP: 23/30 MP: 1/8
  1961 | D:2      | HP: 1/30 [kobold (1)]
  1963 | D:2      | Slain by a kobold

Illustrated notes

Levels and vault maps discovered:
D:1:      dpeg_arrival_arbitrary_c, layout_basic
D:2:      minmay_wonky_spiral, layout_basic, old_standard_altar,
          nicolae_overflow_hidden_temple, chequers_ecumenical_altar_island

Skill      XL: |  1  2  3 |
---------------+----------+-----
Conjurations   | 1 2 3 |  3.2
Dodging        | |  1.7
Stealth        | |  2.4
Spellcasting   | |  3.2
Summonings     | |  1.0
Translocations | |  0.8

Action                   |  1- 3 |  4- 6 || total
-------------------------+-------+-------++-------
Melee: Dagger            |    45 |       ||    45
Throw: Dart              |     5 |       ||     5
 Cast: Magic Dart        |    46 |     1 ||    47
 Abil: Dig               |     6 |       ||     6
 Stab: Sleeping          |     3 |       ||     3
  Eat: Chunk             |     2 |       ||     2
Armor: Robe              |     7 |    33 ||    40
Dodge: Dodged            |    19 |    81 ||   100
